 Dungeon Crawl Stone Soup version 0.18.1-50-g88ac8fd (webtiles) character file.

45 varam the Sneak (level 3, 0/14 HPs)
             Began as a Spriggan Enchanter on Oct 19, 2016.
             Succumbed to an adder's poison
             ... on level 3 of the Dungeon.
             The game lasted 00:03:14 (1318 turns).

varam the Sneak (Spriggan Enchanter)                Turns: 1318, Time: 00:03:15

Health: 0/14       AC:  3    Str:  4    XL:     3   Next: 42%
Magic:  5/17       EV: 18    Int: 17    God:
Gold:   33         SH:  0    Dex: 16    Spells: 2 memorised, 4 levels left

rFire  . . .     SeeInvis +     a - +1 dagger
rCold  . . .     Gourm    .     b - +1 robe
rNeg   . . .     Faith    .     (shield restricted)
rPois  .         Spirit   .     (helmet restricted)
rElec  .         Dismiss  .     (no cloak)
rCorr  .         Reflect  .     (gloves unavailable)
SustAt .         Harm     .     (boots unavailable)
MR     .....                    (no amulet)
Stlth  +++.......               (no ring)
                                g - ring of magical power

@: lethally poisoned (0 -> -7), very slightly contaminated, hasted, very quick,
not resistant to hostile enchantments, fairly stealthy
A: unfitting armour, horns 1, see invisible, deterioration 1, herbivore 3, speed
3, frail 1, slow metabolism 2
a: no special abilities


You were on level 3 of the Dungeon.
You were not hungry.

You visited 1 branch of the dungeon, and saw 3 of its levels.

You collected 33 gold pieces.

Inventory:

Hand Weapons
 a - a +1 dagger (weapon)
Missiles
 h - 23 stones (quivered)
Armour
 b - a +1 robe (worn)
Jewellery
 g - a ring of magical power (left hand)
Scrolls
 j - 2 scrolls of remove curse {unknown}
 k - a scroll of noise {unknown}
Potions
 i - a potion of lignification {unknown}
Books
 c - a book of Maledictions

   Spells                             Type                      Level
   a - Corona                         Hexes                        1
   b - Ensorcelled Hibernation        Hexes/Ice                    2
   c - Confuse                        Hexes                        3
   d - Tukima's Dance                 Hexes                        3
   e - Dazzling Spray                 Conjuration/Hexes            3
Miscellaneous
 m - a plain deck of wonders
Comestibles
 d - 3 bread rations
 f - a slice of pizza


   Skills:
 * Level 2.9 Short Blades
 - Level 3.0 Dodging
 + Level 5.6 Stealth
 - Level 2.6 Spellcasting
 - Level 3.6 Hexes


You had 4 spell levels left.
You knew the following spells:

 Your Spells              Type           Power        Failure   Level  Hunger
a - Ensorcelled Hibernat  Hex/Ice        #.....       17%         2    ##.....
b - Corona                Hex            ##.....      4%          1    #......


Dungeon Overview and Level Annotations

Branches:
Dungeon (3/15)

Altars:
Nemelex Xobeh


Innate Abilities, Weirdness & Mutations

You are tiny and cannot use many weapons and most armour.
You have supernaturally acute eyesight.
You are a herbivore.
You cover ground extremely quickly.
You need consume almost no food.
You have a pair of small horns on your head.
Your body sometimes deteriorates upon taking damage.
You are frail (-10% HP).


Message History

You feel sick.
You see here a stone.
Drink which item? (? for menu, Esc to quit)
Okay, then.
* * * LOW HITPOINT WARNING * * *
You feel sick.
* * * LOW HITPOINT WARNING * * *
You feel sick.
There is a stone staircase leading down here.
You climb downwards.
* * * LOW HITPOINT WARNING * * *
You feel sick.
There is a stone staircase leading up here.
Drink which item? (? for menu, Esc to quit)
It was a potion of mutation.
You feel extremely strange. A pair of horns grows on your head!
You feel frail.
You feel yourself wasting away.
Drink which item? (? for menu, Esc to quit)
It was a potion of haste.
You feel yourself speed up.
You die...

#.#
#.#
#.#
#.#
#.#
#.#
#.#
#@#
###


There were no monsters in sight!

Vanquished Creatures
  An adder (D:2)
  A giant gecko (D:1)
  4 goblins (D:1)
  5 hobgoblins
  5 kobolds
  A quokka (D:2)
  A bat (D:2)
  A giant newt (D:2)
  18 rats
37 creatures vanquished.

Notes
Turn   | Place    | Note
--------------------------------------------------------------
     0 | D:1      | varam the Spriggan Enchanter began the quest for the Orb.
     0 | D:1      | Reached XP level 1. HP: 9/9 MP: 5/5
   105 | D:1      | Reached XP level 2. HP: 13/13 MP: 6/6
   116 | D:1      | Learned a level 2 spell: Ensorcelled Hibernation
   173 | D:1      | Reached skill level 5 in Stealth
   758 | D:1      | Reached XP level 3. HP: 13/16 MP: 8/8
  1182 | D:2      | Found a sparkling altar of Nemelex Xobeh.
  1317 | D:3      | Gained mutation: You have a pair of small horns on your head. [potion of mutation]
  1317 | D:3      | Gained mutation: You are frail (-10% HP). [potion of mutation]
  1317 | D:3      | Gained mutation: Your body sometimes deteriorates upon taking damage. [potion of mutation]
  1318 | D:3      | Succumbed to an adder's poison

Skill      XL: |  1  2 |
---------------+-------+-----
Short Blades   | 2 |  2.9
Stealth        | 5 |  5.6
Dodging        | |  3.0
Spellcasting   | |  2.6
Hexes          | |  3.6

Action                   || total
-------------------------++-------
Melee: Dagger            ||    88
 Cast: Ensorcelled Hiber ||    27
  Use: Potion            ||     2
 Stab: Sleeping          ||    25
Armor: Robe              ||     8
Dodge: Dodged            ||    72
